 Dungeon Crawl Stone Soup version 0.30.1-11-g7821555f0a (webtiles) character file.

Game seed: 4160582782200161364

8857 Gumption the Cleaver (level 11, -13/153 HPs)
             Began as a Minotaur Berserker on Oct 28, 2023.
             Was a High Priest of Trog.
             Mangled by a salamander (19 damage)
             ... on level 10 of the Dungeon.
             The game lasted 01:02:06 (10719 turns).

Gumption the Cleaver (Minotaur Berserker)          Turns: 10719, Time: 01:02:06

Health: -13/153    AC: 27    Str: 33    XL:     11   Next: 15%
Magic:  10/10      EV:  9    Int:  6    God:    Trog [*****.]
Gold:   383        SH:  0    Dex: 10    Spells: 10/10 levels left

rFire   x . .        a - +1 war axe (protect)
rCold   + . .        (no shield)
rNeg    . . .        m - +0 plate armour
rPois   +            (helmet restricted)
rElec   .            q - +0 cloak
rCorr   .            n - +1 pair of gloves
SInv    .            h - +0 pair of boots
Will    .....        d - amulet of the acrobat Stlth
                     r - ring "Yfoaj" {Ice Str+9}
HPRegen 0.45/turn    p - ring of poison resistance
MPRegen 0.12/turn

%: acrobat
@: berserking, under a protective aura, very quick
A: horns 2, retaliatory headbutt
a: Renounce Religion, Berserk, Trog's Hand, Brothers in Arms


You were on level 10 of the Dungeon.
You worshipped Trog.
Trog was extremely pleased with you.
You visited 1 branch of the dungeon, and saw 10 of its levels.
You also visited: Ossuary.

You collected 473 gold pieces.
You spent 90 gold pieces at shops.

Inventory:

Hand Weapons
 a - a +1 war axe of protection (weapon)
 b - a +2 hand axe of flaming
 l - a +0 war axe
 D - a +0 battleaxe
Missiles
 w - 8 poisoned darts (quivered)
 F - a curare-tipped dart
Armour
 h - a +0 pair of boots (worn)
 m - a +0 plate armour (worn)
 n - a +1 pair of gloves (worn)
 q - a +0 cloak (worn)
Jewellery
 d - an amulet of the acrobat (around neck)
 g - a ring of resist corrosion
 p - a ring of poison resistance (right hand)
 r - the ring "Yfoaj" (left hand) {Ice Str+9}
   (You found it on level 3 of the Dungeon)

   [ring of ice]

   It enhances your ice magic.
   Str:       It affects your strength (+9).
   rF:        It makes you vulnerable to fire.
   rC:        It protects you from cold.
 J - a ring of see invisible
 L - a +5 ring of evasion
Wands
 y - a wand of light (14)
Scrolls
 c - 2 scrolls of enchant weapon
 i - 3 scrolls of poison
 o - 6 scrolls of teleportation
 t - a scroll of torment {unknown}
 x - a scroll of fear {unknown}
 E - a scroll of noise {unknown}
 G - a scroll of fog {unknown}
 H - a scroll of butterflies
Potions
 e - 5 potions of mutation
 f - 3 potions of heal wounds
 j - 2 potions of flight
 k - a potion of brilliance
 s - a potion of lignification
 u - 6 potions of curing
 v - a potion of might
 z - a potion of attraction {unknown}
 A - 2 potions of cancellation
 B - 2 potions of haste
 C - a potion of ambrosia {unknown}
 K - a potion of resistance {unknown}
Miscellaneous
 I - a lightning rod (4/4)


   Skills:
 + Level 11.1 Fighting
 * Level 14.9 Axes
 + Level 10.7 Armour
 - Level 2.1 Dodging


You had 10 spell levels left.
You didn't know any spells.
Your spell library was empty.

Dungeon Overview and Level Annotations

Branches:
Dungeon (10/15)            Temple (0/1) D:7         Ossuary (visited)
   Lair: D:8-11         Orc: D:9-12

Altars:
Dithmenos
Gozag
Hepliaklqana
Kikubaaqudgha
Nemelex Xobeh
Qazlal
Sif Muna
Uskayaw
Vehumet
Xom
Yredelemnul
The Shining One

Shops:
D:3 (   D:7 ?


Innate Abilities, Weirdness & Mutations

You have a pair of horns on your head.
You reflexively headbutt those who attack you in melee.


Message History

You hit the salamander.
The salamander is lightly wounded.
You barely miss the salamander. The salamander hits you.
You are engulfed in flames!
The fire burns you terribly!
The salamander hits you but does no damage.
You slice the salamander!! You headbutt the salamander.
You punch the salamander, but do no damage.
The salamander is heavily wounded.
You barely miss the salamander.
The salamander hits you but does no damage.
You slash the salamander! Your headbutt misses the salamander.
The salamander is severely wounded.
You slash the salamander!
The salamander hits you but does no damage.
You barely miss the salamander.
The salamander is severely wounded.
You slash the salamander!
The salamander hits you but does no damage.
The salamander barely misses you.
You barely miss the salamander.
The salamander is severely wounded.
You slash the salamander!
The salamander hits you but does no damage. x2
A red film seems to cover your vision as you go berserk!
You feel yourself moving faster!
You feel mighty! The salamander hits you!
You are engulfed in flames!!
The fire burns you terribly!
* * * LOW HITPOINT WARNING * * *
The salamander hits you with a +0 trident.
* * * LOW HITPOINT WARNING * * *
You are engulfed in flames!!
The fire burns you terribly!
* * * LOW HITPOINT WARNING * * *
You hit the salamander but do no damage.
The salamander is severely wounded.
You slice the salamander!!
You kill the salamander!
Trog accepts your kill. The salamander hits you.
* * * LOW HITPOINT WARNING * * *
You are engulfed in flames!!
The fire burns you terribly!
You die...

#..........+ #........#
#..........# #........#
+...)......# #........#
#..##'''############..#
#..#8...8#.........#..#
#..#≈...≈#.........#..#
####≈..)≈#...8≈8. #..#
#≈...§#N).§# ####
#≈...8#.@.§#
#≈§..§.§..≈#
#8§§≈§§§≈≈8#
############


You could see a salamander.

Vanquished Creatures
  Erica (D:8)
  3 salamanders (D:10)
  Maggie (D:7)
  A hornet (D:9)
  Prince Ribbit (D:7)
  A shadow (D:8)
  11 yaks
  Menkaure (D:6)
  Duvessa (D:4)
  A water moccasin (D:6)
  2 orc warriors
  A black bear (D:6)
  3 ice beasts
  2 ogres
  A centaur (D:8)
  A phantom (D:5)
  2 elf zombies (Ossuary)
  2 kobold brigands
  4 bullfrogs
  Blork the orc (D:6)
  2 scorpions
  21 wights
  Dowan (D:4)
  18 killer bees
  5 howler monkeys
  2 hounds
  A lava snake (D:7)
  5 orc priests
  2 jellies
  2 centaur zombies (Ossuary)
  2 human zombies (Ossuary)
  6 orc wizards
  A sleepcap (D:7)
  11 iguanas
  A hound zombie (Ossuary)
  3 mummies (Ossuary)
  10 adders
  A shadow imp (D:8)
  2 white imps
  3 worms
  A dart slug (D:3)
  24 orcs
  7 ball pythons
  5 bats
  9 endoplasms
  7 giant cockroaches
  A gnoll zombie (Ossuary)
  5 hobgoblins
  2 jackals (D:3)
  6 quokkas
  2 frilled lizards (D:3)
  8 goblins
  2 goblin zombies
  5 hobgoblin zombies
  2 jackal zombies (Ossuary)
  12 kobolds
  3 kobold skeletons (D:4)
  6 kobold zombies
  An orc skeleton (D:4)
  3 orc zombies (Ossuary)
  6 quokka zombies (Ossuary)
  2 rats
  4 rat zombies (Ossuary)
263 creatures vanquished.

Notes
Turn   | Place    | Note
-------+----------+-------------------------------------------
     0 | D:1      | Gumption the Minotaur Berserker began the quest for the
                  | Orb.
     0 | D:1      | Reached XP level 1. HP: 19/19 MP: 0/0
   346 | D:1      | Reached skill level 4 in Axes
   366 | D:1      | Reached XP level 2. HP: 27/27 MP: 1/1
  1291 | D:2      | Reached XP level 3. HP: 33/33 MP: 2/2
  1681 | D:2      | Reached ** piety under Trog
  2211 | D:2      | Reached skill level 5 in Axes
  2211 | D:2      | Reached XP level 4. HP: 4/41 MP: 3/3
  2736 | D:3      | Identified the ring "Yfoaj" {Ice Str+9}
  2781 | D:3      | Found a shimmering blue altar of Sif Muna.
  2781 | D:3      | Found a shimmering altar of Xom.
  2792 | D:3      | Reached XP level 5. HP: 43/47 MP: 4/4
  3255 | D:3      | Found Fuarroar's Weapon Boutique.
  3261 | D:3      | Bought a +0 war axe for 38 gold pieces
  3642 | D:4      | Reached skill level 5 in Fighting
  3642 | D:4      | Reached skill level 6 in Axes
  3889 | D:4      | Reached *** piety under Trog
  3894 | D:4      | Reached XP level 6. HP: 54/56 MP: 5/5
  3996 | D:4      | Found a glowing golden altar of the Shining One.
  4120 | D:4      | Noticed Duvessa
  4120 | D:4      | Noticed Dowan
  4129 | D:4      | Killed Dowan
  4130 | D:4      | Killed Duvessa
  4131 | D:4      | Reached skill level 7 in Axes
  4634 | D:5      | Entered Level 5 of the Dungeon
  4719 | D:5      | Reached skill level 5 in Armour
  4719 | D:5      | Reached XP level 7. HP: 58/62 MP: 6/6
  4929 | D:5      | Reached skill level 8 in Axes
  5378 | D:6      | Found an ancient bone altar of Kikubaaqudgha.
  5413 | D:6      | Reached XP level 8. HP: 56/71 MP: 7/7
  5548 | D:6      | Noticed Menkaure
  5564 | D:6      | Killed Menkaure
  5744 | D:6      | Reached skill level 9 in Axes
  5749 | D:6      | Noticed Blork the orc
  5758 | D:6      | Killed Blork the orc
  5931 | D:6      | Identified the staff of conjuration "Ugauning" {Str+4
                  | Int+4}
  5937 | D:6      | Reached **** piety under Trog
  6024 | D:6      | Reached skill level 10 in Axes
  6522 | D:7      | Reached XP level 9. HP: 64/81 MP: 8/8
  6642 | D:7      | Noticed Maggie
  6644 | D:7      | Found Gabe's Magic Scroll Shoppe.
  6661 | D:6      | Reached skill level 11 in Axes
  6703 | D:7      | Found a staircase to the Ecumenical Temple.
  6731 | D:7      | Killed Maggie
  6806 | D:7      | Noticed Prince Ribbit
  6821 | D:7      | Killed Prince Ribbit
  6984 | D:7      | Reached skill level 12 in Axes
  7084 | D:7      | Found a sand-covered staircase.
  7091 | Ossuary  | Entered an ossuary
  7321 | Ossuary  | Reached ***** piety under Trog
  7464 | D:7      | Found a hazy altar of Hepliaklqana.
  7473 | D:7      | Found a basalt altar of Yredelemnul.
  7483 | D:7      | Found a hide-covered altar of Uskayaw.
  7489 | D:7      | Found an opulent altar of Gozag.
  7497 | D:7      | Found a stormy altar of Qazlal.
  7509 | D:7      | Found a radiant altar of Vehumet.
  7519 | D:7      | Found a shadowy altar of Dithmenos.
  7696 | D:7      | Reached XP level 10. HP: 91/91 MP: 9/9
  7701 | D:7      | Bought a scroll of identify for 26 gold pieces
  7701 | D:7      | Bought a scroll of identify for 26 gold pieces
  8138 | D:8      | Noticed Erica
  8168 | D:8      | Killed Erica
  8169 | D:8      | Reached skill level 13 in Axes
  8372 | D:8      | Found a sparkling altar of Nemelex Xobeh.
  8478 | D:8      | Reached skill level 10 in Fighting
  9225 | D:9      | Reached skill level 10 in Armour
  9611 | D:9      | Reached skill level 14 in Axes
 10113 | D:10     | Entered Level 10 of the Dungeon
 10336 | D:10     | Reached XP level 11. HP: 85/101 MP: 10/10
 10719 | D:10     | HP: 6/153 [salamander (3)]
 10719 | D:10     | Mangled by a salamander

Illustrated notes

Levels and vault maps discovered:
D:1:      matt_arrival_debris, layout_basic
D:2:      layout_basic
D:3:      layout_rooms, gammafunk_temple_overflow_pools, serial_shops,
          nicolae_shop_back_alley_shop
D:4:      layout_cave_pods, nicolae_tso_besieged_by_evil, serial_column_ruins,
          column_ruins_pillar_9, column_ruins_pillar_4, column_ruins_pillar_11,
          column_ruins_pillar_8, column_ruins_pillar_1, column_ruins_pillar_2,
          column_ruins_pillar_3, column_ruins_pillar_3, column_ruins_pillar_5,
          column_ruins_pillar_3, column_ruins_pillar_11, column_ruins_pillar_1,
          column_ruins_pillar_1, column_ruins_pillar_7, uniq_duvessa
D:5:      layout_rooms
D:6:      layout_basic, kiku_gazebo_garden_becter, uniq_blork_the_orc,
          uniq_menkaure
D:7:      layout_basic, grunt_temple_overflow_octagram,
          minmay_temple_entry_waves, serial_shops, nicolae_inconvenience_store,
          chequers_ossuary_entry_cave, uniq_prince_ribbit1, uniq_maggie
D:8:      layout_loops_ring, general_overflow_altar, kennysheep_small_circle,
          uniq_erica
D:9:      layout_loops_corners, hangedman_abyss_or_decor_lesser_grid,
          nicolae_figureground_sparkle
D:10:     layout_roguey, hellmonk_guarded_unrand_salamander

Skill      XL: |  1  2  3  4  5  6  7  8  9 10 11 |
---------------+----------------------------------+-----
Axes           | 4 5 6 7 8 10 12 14 | 14.9
Fighting       | 4 5 6 7 9 10 11 | 11.1
Armour         | 3 4 5 6 7 9 10 | 10.7
Dodging        | |  2.1

Action                     |  1- 3 |  4- 6 |  7- 9 | 10-12 || total
---------------------------+-------+-------+-------+-------++-------
  Melee: Hand axe          |    50 |    57 |       |       ||   107
         Headbutt          |     7 |    25 |    49 |    36 ||   117
         Punch             |     2 |       |     3 |     2 ||     7
         War axe           |       |    58 |   321 |   212 ||   591
  Throw: Stone             |     5 |     4 |     9 |       ||    18
         Dart              |       |       |       |     2 ||     2
 Invoke: Berserk           |     1 |     1 |       |     2 ||     4
         Trog's Hand       |       |       |     3 |       ||     3
    Use: Scroll            |       |     9 |     6 |     4 ||    19
 Armour: Chain mail        |    13 |    56 |    61 |       ||   130
         Ring mail         |     1 |       |       |       ||     1
         Plate armour      |       |       |    88 |    98 ||   186
  Dodge: Dodged            |    28 |    60 |   154 |    81 ||   323
